 Dungeon Crawl Stone Soup version 0.17.0-26-gececa24 (webtiles) character file.

99 ketsa the Insei (level 4, -9/23 HPs)
             Began as a Vine Stalker Monk on Nov 20, 2015.
             Mangled by an iguana (10 damage)
             ... on level 5 of the Dungeon.
             The game lasted 00:09:28 (2406 turns).

ketsa the Insei (Vine Stalker Monk)                 Turns: 2406, Time: 00:09:28

Health: -9/23      AC:  3    Str: 13      XL:     4   Next: 72%
Magic:  0/5        EV: 13    Int:  8 (10) God:
Gold:   191        SH:  0    Dex: 18      Spells: 0 memorised, 3 levels left

rFire  . . .     SeeInvis .       - Unarmed
rCold  . . .     Clarity  .     s - +0 leather armour
rNeg   . . .     SustAt   .     (no shield)
rPois  .         Gourm    .     (no helmet)
rElec  .         Spirit   +     (no cloak)
rCorr  .         Warding  .     (no gloves)
rMut   .         Rnd*Tele +     (no boots)
MR     .....                    (no amulet)
Stlth  +++.......               (no ring)
                                (no ring)

@: hasted, very quick, not resistant to hostile enchantments, fairly stealthy
A: fangs 2, blink, regeneration 1, spit poison 1, teleportitis 1, magic shield,
antimagic bite, no device heal 3, rot immunity
a: Spit Poison, Blink


You were on level 5 of the Dungeon.
You were hungry.

You visited 1 branch of the dungeon, and saw 7 of its levels.

You collected 191 gold pieces.

Inventory:

Hand Weapons
 c - a +1 dagger
Missiles
 h - 67 stones (quivered)
Armour
 e - a +0 robe
 i - a +0 ring mail
 s - a +0 leather armour (worn)
Jewellery
 f - an uncursed amulet of resist corrosion
Scrolls
 k - a scroll of noise
 q - a scroll of enchant weapon
Potions
 l - a potion of might
 o - a potion of brilliance {unknown}
 p - a potion of invisibility {unknown}
Comestibles
 a - a slice of pizza
 b - 3 bread rations
 r - 4 meat rations


   Skills:
 - Level 2.6 Fighting
 + Level 2.9 Dodging
 + Level 3.7 Stealth
 * Level 5.1 Unarmed Combat


You had 3 spell levels left.
You didn't know any spells.

Dungeon Overview and Level Annotations

Branches:
Dungeon (8/15)
 Temple: D:4-7         Lair: D:8-11

Altars:
Okawaru

Annotations:
D:5 Edmund, Prince Ribbit
D:6 Sigmund


Innate Abilities, Weirdness & Mutations

You have extremely sharp teeth.
Your natural rate of healing is unusually fast.
When hurt, damage is shared between your health and your magic reserves.
Your bite disrupts and absorbs the magic of your enemies.
Potions and wands cannot restore your health.
You are immune to rotting.
You can translocate small distances at will.
You can spit weak poison.
You are occasionally teleported to nearby monsters.


Message History

* * * LOW HITPOINT WARNING * * *
Found 30 stones.
Found a silver wand.
Prince Ribbit comes into view.
Found a leather armour.
You see here a silver wand.
The iguana barely misses you.
You hit the iguana. You bite the iguana, but do no damage.
The iguana is severely wounded.
The iguana bites you.
You hit the iguana but do no damage. Your bite misses the iguana.
The iguana is severely wounded.
The iguana bites you!
* * * LOW HITPOINT WARNING * * *
You don't have enough health at the moment.
Drink which item? (? for menu, Esc to quit)
It was a potion of haste.
You feel yourself speed up.
The iguana hisses menacingly.
The iguana bites you!
You die...

.........##.# .#
.....%...##(##### .#
.........##..... ..
......#####.... [
##.#.....##..# .#
##.#.....##..#####.#.#
.....................#
##.#.....###.###l#.###
#.#.....# #.# #@#
#.#.....# #.# #/#
#...##. #.# #.# #....
.##.# #.# #.... .....
F.# .... ..... ...
##.. ###


You could see Prince Ribbit (sleeping) and an iguana.

Vanquished Creatures
  A hound (D:6)
  3 adders
  3 giant cockroaches (D:1)
  5 goblins
  10 hobgoblins
  4 bats
  4 giant newts
  4 jackals (D:1)
  3 kobolds (D:2)
  6 rats
43 creatures vanquished.

Notes
Turn   | Place    | Note
--------------------------------------------------------------
     0 | D:1      | ketsa the Vine Stalker Monk began the quest for the Orb.
     0 | D:1      | Reached XP level 1. HP: 11/11 MP: 2/2
   124 | D:1      | Reached XP level 2. HP: 16/16 MP: 3/3
   751 | D:2      | Reached XP level 3. HP: 17/19 MP: 4/4
  1567 | D:3      | Reached XP level 4. HP: 3/23 MP: 0/5
  1843 | D:3      | Found an iron altar of Okawaru.
  1881 | D:3      | Reached skill level 5 in Unarmed Combat
  1941 | D:3      | You fall through a shaft for 3 floors!
  2005 | D:6      | Noticed Sigmund
  2334 | D:5      | Entered Level 5 of the Dungeon
  2358 | D:5      | Gained mutation: You can spit weak poison. [potion of mutation]
  2358 | D:5      | Gained mutation: You can translocate small distances at will. [potion of mutation]
  2358 | D:5      | Gained mutation: You are occasionally teleported to nearby monsters. [potion of mutation]
  2371 | D:5      | Noticed Edmund
  2400 | D:5      | Noticed Prince Ribbit
  2405 | D:5      | HP: 1/23 [iguana (7)]
  2406 | D:5      | Mangled by an iguana

Action                   |  1- 3 |  4- 6 || total
-------------------------+-------+-------++-------
Melee: Unarmed           |   108 |    27 ||   135
Throw: Stone             |     3 |     1 ||     4
 Abil: Spit Poison       |       |     1 ||     1
       Blink             |       |     1 ||     1
  Use: Scroll            |     2 |     2 ||     4
       Potion            |       |     6 ||     6
 Stab: Sleeping          |     6 |     1 ||     7
       Distracted        |     1 |       ||     1
  Eat: Chunk             |     2 |     2 ||     4
